Map: Odyssey LE

Players

GeneralTanz - Winner!

  • Race: Terran Terran
  • Spawn Location: 11:00

Dessa

  • Race: Zerg Zerg
  • League: Diamond
  • Spawn Location: 5:00

VOD

Have the link to the VOD?

Description

Time

  • Played on: Jan. 5, 2018, 4:31 p.m.
  • Length: 9:50
Show
View Real Time Build Order
Export as new Build Order

GeneralTanz Terran - Winner!

Build Orders: MMM Bio 

Get SALT Encoding   

  12  0:01  SCV  
  13  0:13  SCV  
  14  0:23  Supply Depot  
  14  0:25  SCV  
  15  0:32  Refinery  
  15  0:45  SCV  
  16  1:10  Barracks  
  16  1:12  Barracks  
  16  1:14  SCV  
  16  1:16  Refinery  
  17  1:24  Supply Depot  
  17  1:26  SCV  
  18  1:38  SCV  
  19  1:57  Orbital Command  
  21  2:06  Factory  
  19  2:08  Barracks Tech Lab, Barracks Reactor  
  19  2:23  SCV  
  19  2:28  Stimpack  
  21  2:44  SCV, Engineering Bay  
  21  2:45  Engineering Bay  
  21  2:47  Marine x2  
  21  2:51  Marine  
  24  2:58  Supply Depot  
  24  3:11  Factory Tech Lab  
  24  3:16  SCV  
  25  3:22  Bunker  
  25  3:43  Marine  
  25  3:44  Marine x2  
  25  3:47  Terran Infantry Weapons Level 1, Terran Infantry Armor Level 1  
  28  3:49  SCV  
  28  3:53  Siege Tank  
  32  3:58  Starport  
  32  4:12  Marine x3  
  35  4:18  Supply Depot  
  35  4:30  Supply Depot  
  35  4:33  Combat Shields  
  35  4:37  SCV, Starport Reactor  
  36  4:54  Marine x2  
  36  4:55  Marine  
  39  5:08  Armory  
  39  5:11  Barracks  
  39  5:12  Marine x3  
  42  5:20  Medivac x2  
  46  5:29  SCV  
  46  5:30  Marine x3  
  50  5:47  Siege Tank  
  53  5:53  Command Center  
  53  6:05  Barracks Reactor  
  53  6:10  Supply Depot  
  53  6:14  Missile Turret  
  53  6:16  Missile Turret  
  53  6:24  Missile Turret  
  53  6:31  Marine  
  53  6:32  Marine x2  
  55  6:33  Missile Turret  
  48  7:10  Marine x3  
  48  7:11  Terran Infantry Armor Level 2, Marine, Terran Infantry Weapons Level 2  
  52  7:16  Marine  
  52  7:28  Liberator, Marine x4  
  52  7:29  Liberator  
  59  8:12  Orbital Command  
  58  8:14  Marine x4  
  58  8:15  Marine  
  63  8:28  Medivac  
  63  8:32  Marine  
  66  8:37  Bunker  
  66  8:43  Orbital Command  
  66  8:45  Siege Tank  
  69  8:52  Missile Turret  
  69  8:55  Marine  
  69  8:56  Marine  
  71  9:08  Supply Depot  
  71  9:13  Supply Depot  
Show
View Real Time Build Order
Export as new Build Order

Dessa Zerg 

Build Orders: Hatch First 

Get SALT Encoding   

  12  0:01  Drone  
  13  0:12  Overlord  
  13  0:17  Drone  
  14  0:31  Drone x2  
  14  0:34  Drone  
  17  0:52  Hatchery  
  17  0:57  Drone  
  17  1:01  Drone, Extractor  
  17  1:16  Spawning Pool  
  16  1:19  Drone  
  16  1:23  Drone  
  18  1:29  Overlord  
  18  1:39  Drone  
  19  1:52  Drone  
  20  2:03  Queen  
  20  2:04  Metabolic Boost  
  20  2:06  Zergling x2  
  23  2:08  Queen  
  23  2:11  Drone  
  27  2:15  Drone  
  27  2:21  Drone  
  28  2:23  Zergling x2  
  29  2:37  Overlord  
  29  2:38  Queen  
  29  2:40  Drone  
  32  2:44  Drone  
  32  2:47  Drone  
  32  2:49  Drone  
  35  2:58  Baneling Nest  
  34  3:03  Drone  
  34  3:04  Drone  
  36  3:13  Drone x2  
  36  3:14  Drone x2, Overlord  
  40  3:20  Overlord  
  40  3:24  Drone x2  
  42  3:29  Drone  
  42  3:30  Zergling x2  
  44  3:35  Zergling x2  
  45  3:43  Baneling x2  
  45  3:54  Lair  
  45  3:58  Zergling x8  
  45  3:59  Zergling x6  
  52  4:05  Pneumatized Carapace  
  52  4:08  Hatchery  
  52  4:09  Extractor  
  50  4:14  Zergling x6  
  50  4:15  Zergling x2  
  54  4:18  Baneling x2  
  54  4:21  Drone  
  54  4:22  Overlord  
  55  4:27  Drone  
  55  4:28  Drone  
  55  4:29  Drone x3  
  55  4:30  Extractor  
  59  5:00  Overlord  
  59  5:02  Overlord  
  59  5:07  Centrifical Hooks  
  59  5:10  Extractor  
  59  5:11  Drone  
  58  5:14  Drone  
  58  5:15  Drone  
  58  5:17  Overlord  
  58  5:19  Queen  
  58  5:21  Drone x4  
  65  5:22  Zergling x6  
  69  5:34  Evolution Chamber  
  69  5:35  Drone x2  
  70  5:36  Evolution Chamber  
  69  5:45  Baneling x3  
  69  5:46  Baneling x5  
  69  5:51  Drone x3  
  69  5:52  Drone  
  73  6:00  Drone  
  73  6:01  Hydralisk Den  
  73  6:03  Zerg Melee Weapons Level 1  
  73  6:06  Drone  
  73  6:08  Drone x3, Overlord  
  73  6:09  Zergling x2  
  73  6:10  Zergling x10  
  83  6:22  Overlord  
  83  6:23  Overlord  
  83  6:24  Zergling x4  
  85  6:32  Muscular Augments  
  74  7:15  Hatchery  
  72  7:22  Spore Crawler  
  72  7:24  Spore Crawler  
  72  7:27  Extractor  
  72  7:29  Extractor  
  60  7:41  Spore Crawler  
  59  7:51  Drone x3  
  59  7:52  Drone x3  
  56  8:03  Drone x4  
  52  8:10  Spore Crawler  
  51  8:29  Drone x2  
  51  8:30  Drone x5  
  51  8:32  Queen  
  60  8:49  Drone x4  
  65  9:02  Drone  
  65  9:03  Drone x4  
  69  9:12  Drone x4  
  69  9:16  Hydralisk  
  73  9:17  Hydralisk x5  
  85  9:29  Spore Crawler  
Tags
 
Composition
MMM Bio
League
Diamond
Matchup
TvZ
Replay Pack
2017S4
Spawn Locations
Cross Positions
Add a new tag
Caveats
  • Supply blocks, unpowered buildings, or Contaminate may cause inaccurate times.
  • Supply counts are checked every 10 seconds.